 Dungeon Crawl Stone Soup version 0.30.0-15-g856e2d3f33 (webtiles) character file.

Game seed: 6604709319175715254

96 qw the Chopper (level 4, -2/28 HPs)
             Began as a Gargoyle Fighter on May 20, 2023.
             Slain by a worm (4 damage)
             ... on level 3 of the Dungeon.
             The game lasted 00:00:38 (1627 turns).

qw the Chopper (Gargoyle Fighter)                   Turns: 1627, Time: 00:00:39

Health: -2/28      AC: 11    Str: 21    XL:     4   Next: 67%
Magic:  4/4        EV:  9    Int:  9    God:
Gold:   60         SH:  4    Dex:  9    Spells: 3/3 levels left

rFire   . . .        Y - +2 war axe
rCold   . . .        c - +0 buckler
rNeg    + . .        b - +0 scale mail
rPois   inf          (no helmet)
rElec   +            (no cloak)
rCorr   .            g - +0 pair of gloves
SInv    .            (no boots)
Will    .....        (no amulet) Stlth
                     (no ring)
HPRegen 0.24/turn    (no ring)
MPRegen 0.09/turn

%: no passive effects
@: no status effects
A: sickness immunity, AC +3, negative energy resistance 1, electricity
resistance, torment resistance 1, petrification resistance
a: no special abilities


You were on level 3 of the Dungeon.
You visited 1 branch of the dungeon, and saw 3 of its levels.

You collected 60 gold pieces.


Innate Abilities, Weirdness & Mutations

You are immune to sickness and miasma.
Your stone body is resilient. (AC +3)
You are immune to poison.
You resist negative energy. (rN+)
You are resistant to electric shocks. (rElec)
You are resistant to unholy torment.
You are immune to petrification.


   Skills:
 - Level 3.2 Fighting
 + Level 4.3 Axes
 - Level 3.2 Armour
 - Level 3.2 Shields


You had 3 spell levels left.
You didn't know any spells.
Your spell library was empty.

Inventory:

Hand Weapons
 f - a +0 morningstar
 Y - a +2 war axe (weapon)
Armour
 b - a +0 scale mail (worn)
 c - a +0 buckler (worn)
 g - a +0 pair of gloves (worn)
Scrolls
 a - a scroll of identify
Potions
 d - a potion of might
 e - a potion of lignification {unknown}
 j - a potion of ambrosia {unknown}

Dungeon Overview and Level Annotations

Branches:
Dungeon (3/15)

Altars:

Shops:
D:2 [


Message History

A worm comes into view.
You hit the gnoll.
The gnoll is severely wounded.
You barely miss the gnoll. You miss the goblin. The goblin barely misses you.
The gnoll closely misses you. The gnoll completely misses you.
The goblin hits you but does no damage. The hobgoblin barely misses you.
The gnoll closely misses you. The gnoll barely misses you.
You hit the gnoll.
The gnoll is almost dead.
You hit the goblin.
You kill the goblin!
You hit the gnoll. You slash the goblin!
You kill the goblin!
You slash the hobgoblin!
You kill the hobgoblin!
The gnoll hits you with a +0 flail! The gnoll hits you but does no damage.
You hit the gnoll.
You kill the gnoll!
You barely miss the gnoll. You hit the gnoll. The gnoll barely misses you.
The gnoll hits you but does no damage. x2
The gnoll hits you with a +0 flail.
Your Axes skill increases to level 4!
You hit the gnoll.
The gnoll is severely wounded.
You hit the gnoll. The gnoll hits you but does no damage.
The gnoll hits you with a +0 flail!
You slash the gnoll!
You kill the gnoll!
You barely miss the gnoll. The gnoll hits you with a +0 flail!
You closely miss the gnoll.
The gnoll is moderately wounded.
You block the gnoll's attack. The gnoll closely misses you.
You slash the gnoll!
You kill the gnoll!
You hit the worm.
The worm is moderately wounded.
The worm bites you.
You die...

...#..#.#
#.........$.##....#.#
#....#.......#...:..# .
##..#.....[..........##.
...#....................
........................
...........#..#....<.#..
......))...#..#...).....
#...w@)........###....
#...%.........###..###
#.........#.#....).#
######....#.......##
#...##...#...##
...........#...#
#...........#####
..#......<..#
)##.........#


You could see a worm.

Vanquished Creatures
  3 gnolls (D:3)
  4 adders
  A dart slug (D:1)
  An endoplasm (D:2)
  5 goblins
  2 hobgoblins (D:3)
  6 kobolds
  A quokka (D:3)
  A ball python (D:1)
  4 bats
  A frilled lizard (D:3)
  4 rats
33 creatures vanquished.

Notes
Turn   | Place    | Note
-------+----------+-------------------------------------------
     0 | D:1      | qw the Gargoyle Fighter began the quest for the Orb.
     0 | D:1      | Reached XP level 1. HP: 14/14 MP: 1/1
     0 | D:1      | 0 ||| qw: Version: 0.2-a-97-g6b18286
     0 | D:1      | 0 ||| qw: Game counter: 5
     0 | D:1      | 0 ||| qw: Always use a shield: true
     0 | D:1      | 0 ||| qw: God list: Okawaru
     0 | D:1      | 0 ||| qw: Allow faded altars: false
     0 | D:1      | 0 ||| qw: Do Orc after D:15 true
     0 | D:1      | 0 ||| qw: Do second Lair branch before Depths: true
     0 | D:1      | 0 ||| qw: Lair rune preference: random
     0 | D:1      | 0 ||| qw: Plans: Normal, Zot:1-4, God:TSO, Crypt, Tomb,
                  | Pan, Slime:5, Hells, Abyss, Win
     0 | D:1      | 0 ||| PLANNING D:1-11
    25 | D:1      | 25 ||| Stepping ~*~*~tactically~*~*~ (hiding).
    28 | D:1      | 28 ||| Stepping ~*~*~tactically~*~*~ (hiding).
    30 | D:1      | 30 ||| Stepping ~*~*~tactically~*~*~ (hiding).
   161 | D:1      | Reached skill level 2 in Axes
   206 | D:1      | 206 ||| Stepping ~*~*~tactically~*~*~ (hiding).
   313 | D:1      | 313 ||| DROPPING +0 club.
   365 | D:1      | 365 ||| Stepping ~*~*~tactically~*~*~ (hiding).
   384 | D:1      | Reached XP level 2. HP: 16/19 MP: 2/2
   455 | D:1      | Found a faded altar of an unknown god.
   810 | D:1      | 810 ||| UPGRADING to +0 pair of gloves.
   815 | D:1      | 815 ||| READING 2 scrolls labelled QUARRO VAER.
   816 | D:1      | 816 ||| READING scroll of enchant weapon.
   816 | D:1      | 816 ||| ENCHANTING +1 war axe.
   817 | D:1      | 817 ||| READING scroll labelled KIOB WOAHAI.
   818 | D:1      | 818 ||| READING scroll labelled JINESA INLYFIU.
   819 | D:1      | 819 ||| READING scroll labelled XUW ZIFETSU.
   916 | D:2      | Reached skill level 3 in Axes
   916 | D:2      | Reached XP level 3. HP: 16/23 MP: 3/3
  1153 | D:2      | Found Poahik's Armour Shoppe.
  1161 | D:2      | 1161 ||| SHOPLISTING +0 helmet (63 gold, have 50).
  1161 | D:2      | 1161 ||| SHOPLISTING +2 leather armour of cold resistance
                  | (266 gold, have 50).
  1539 | D:3      | 1539 ||| PLANNING SEWER
  1541 | D:3      | 1541 ||| Stepping ~*~*~tactically~*~*~ (hiding).
  1552 | D:3      | Reached XP level 4. HP: 21/28 MP: 4/4
  1602 | D:3      | 1602 ||| DROPPING +0 whip.
  1611 | D:3      | 1611 ||| Stepping ~*~*~tactically~*~*~ (stealth).
  1622 | D:3      | Reached skill level 4 in Axes
  1623 | D:3      | HP: 1/28 [gnoll/+0 flail (8)]
  1627 | D:3      | Slain by a worm

Levels and vault maps discovered:
D:1:      minmay_arrival_hallway, layout_loops_ring,
          hellmonk_ecumenical_altar_prayer_group
D:2:      layout_loops_ring, serial_shops, nicolae_shop_statue_plus,
          chequers_serial_rivers_micro_e
D:3:      layout_rooms, portal_sewer_entry_c, amcnicky_mini_corridor_feature

Skill      XL: |  1  2  3  4 |
---------------+-------------+-----
Axes           | 2 3 4 |  4.3
Fighting       | |  3.2
Armour         | |  3.2
Shields        | |  3.2

Action                     |  1- 3 |  4- 6 || total
---------------------------+-------+-------++-------
  Melee: War axe           |    90 |    15 ||   105
    Use: Scroll            |     5 |       ||     5
 Armour: Scale mail        |    55 |     7 ||    62
  Dodge: Dodged            |    55 |    10 ||    65
  Block: Buckler           |    20 |     2 ||    22

Table legend:
 A = Non-vault XP
 B = Vault XP
 C = Vault XP percentage of total XP
 D = Non-vault monster count
 E = Vault monster count
 F = Vault count percentage of total count
                 A         B        C        D         E       F
            +---------+---------+-------+---------+---------+-------
      Total |     136 |       2 |   1.4 |      32 |       1 |   3.0
            +---------+---------+-------+---------+---------+-------
        D:1 |      16 |       2 |  11.1 |       9 |       1 |  10.0
        D:2 |      50 |       0 |   0.0 |      11 |       0 |   0.0
        D:3 |      70 |       0 |   0.0 |      12 |       0 |   0.0
            +---------+---------+-------+---------+---------+-------
